[Event "Monday 29 January Rapid Engine Tour 12+1 Rounds 9 Starts 1600 ST"]
[Site "Infinity Chess"]
[Date "2018.1.29"]
[Round "3"]
[White "Ninja_Bp"]
[Black "Dinkelberger"]
[Result "1-0"]
[ECO "A04"]
[WhiteElo "2448"]
[BlackElo "2429"]
[WhiteEngine "Houdini 6_CTG"]
[BlackEngine "stockfish_18012814_x64_modern_CTG"]
[EventType "Swiss"]
[WhiteTeam ""]
[BlackTeam ""]
[PlyCount "365"]
[TimeControl "720+1"]

1. Nf3 e6 2. d4 d5 3. c4 Nf6 4. Nc3 Be7 5. Bf4 O-O 6. Rc1 b6 7. cxd5 Nxd5 
8. Nxd5 Qxd5 9. a3 c5 10. dxc5 bxc5 11. e3 Rd8 12. Qc2 Bb7 13. Bc7 Rc8 
14. Bg3 Nd7 15. Be2 c4 16. O-O c3 17. bxc3 Nc5 18. Rfd1 Qe4 19. Qa2 Bf6 
20. c4 Bc6 21. h3 h6 22. Rd2 Qg6 23. Ne1 Na4 24. Bd6 Nc3 25. Qc2 Be4 
26. Qb3 Nxe2+ 27. Rxe2 Rd8 28. Rd2 Rac8 29. Rdd1 Bc6 30. c5 Rd7 31. Qc4 Bd5 
32. Qa6 Bb7 33. Qe2 Bc6 34. f3 Ba4 35. Rd2 Qg5 36. Kh1 Bc6 37. Nc2 Bc3 
38. Rdd1 a5 39. Rb1 Ba4 40. f4 Qg6 41. e4 Rdd8 42. Rd3 Bf6 43. Nd4 Bxd4 
44. Rxd4 Bc6 45. Kh2 f6 46. Re1 Qe8 47. Qc4 Kh7 48. Re3 Ra8 49. Rb3 Rd7 
50. Rb6 Rc8 51. Rd1 Rb7 52. Rd2 Qd7 53. Qc2 Qe8 54. Rd4 Rf7 55. Rc4 Ra7 
56. Qf2 Qf7 57. Rd4 Qe8 58. Qe2 Rb7 59. Qb2 Qf7 60. Qd2 Qg6 61. Qd3 Qe8 
62. Qf1 Qf7 63. Qa6 Ra8 64. Qd3 Rc8 65. Qc2 Qe8 66. Qb1 Qf7 67. Qe1 Qg6 
68. Qf2 Qe8 69. Qg3 Qf7 70. Qf3 Qe8 71. Qe3 Qg6 72. Qb3 Qf7 73. Qg3 Qe8 
74. Qf3 Ra7 75. Qc3 Qf7 76. Rd2 Rb7 77. Qe3 Qe8 78. Rd3 Qg6 79. Rd4 Ra7 
80. Qe2 Qe8 81. Qd2 Qf7 82. Qc1 Rb7 83. Qb1 Ra7 84. Rd2 Qg6 85. Re2 Qf7 
86. Rf2 Rb7 87. Rfb2 Rd7 88. Qd3 Rdd8 89. Qc4 Qd7 90. Re2 Re8 91. Re3 a4 
92. Qe2 Ba8 93. Rb4 Bc6 94. Rc3 Ra8 95. g4 f5 96. Re3 Rac8 97. g5 Qf7 98. Rg3 g6 
99. h4 h5 100. e5 Red8 101. Rb6 Kh8 102. Rg1 Qd7 103. Rd1 Ra8 104. Qb2 Ra7 
105. Rb1 Rc8 106. Qb4 Kg8 107. Kg3 Kh8 108. Qd4 Be4 109. R1b2 Rb7 110. Qc4 Rxb6 
111. Rxb6 Kh7 112. Qb4 Bc6 113. Qa5 Re8 114. Kf2 Ra8 115. Qd2 Rc8 116. Ke3 Qa7 
117. Qe2 Qd7 118. Qc4 Kg8 119. Kf2 Kh7 120. Rb2 Bd5 121. Qb5 Qa7 122. Rb4 Bc6 
123. Qb6 Qa8 124. Bb8 Be4 125. Qa7+ Qxa7 126. Bxa7 Ra8 127. Bb8 Kg8 128. Rb6 Kf7 
129. Ke3 Ke7 130. c6 Bxc6 131. Rxc6 Rxb8 132. Kd4 Rb3 133. Rc3 Rb1 134. Rc7+ Kd8 
135. Ra7 Rd1+ 136. Kc5 Rd5+ 137. Kc4 Rd2 138. Rg7 Ke8 139. Rxg6 Kf7 
140. Rf6+ Ke7 141. Rh6 Rf2 142. Rxh5 Rxf4+ 143. Kc5 Rg4 144. Rh7+ Kf8 
145. Kd6 Kg8 146. Ra7 f4 147. Rxa4 Kf7 148. h5 Rxg5 149. Rxf4+ Kg8 
150. Kxe6 Rxh5 151. a4 Kg7 152. a5 Rh6+ 153. Rf6 Rh8 154. a6 Rh4 155. a7 Ra4 
156. Rf7+ Kg6 157. Rb7 Kg5 158. a8=Q Rxa8 159. Rg7+ Kh6 160. Rg1 Kh7 
161. Kf6 Kh8 162. e6 Rf8+ 163. Ke7 Rf2 164. Ke8 Kh7 165. e7 Re2 166. Rd1 Ra2 
167. Kd7 Ra7+ 168. Ke6 Ra8 169. e8=Q Rxe8+ 170. Kf7 Kh6 171. Kxe8 Kg5 
172. Rf1 Kg6 173. Rf2 Kg5 174. Kf7 Kg4 175. Kf6 Kg3 176. Rf5 Kg4 177. Kg6 Kh4 
178. Rg5 Kh3 179. Kh5 Kh2 180. Kh4 Kh1 181. Kg3 Kg1 182. Rf5 Kh1 183. Rf1# 1-0

[Event "Monday 29 January Rapid Engine Tour 12+1 Rounds 9 Starts 1600 ST"]
[Site "Infinity Chess"]
[Date "2018.1.29"]
[Round "3"]
[White "BraveDevil"]
[Black "RonWeasley"]
[Result "1/2-1/2"]
[ECO "E10"]
[WhiteElo "2448"]
[BlackElo "2457"]
[WhiteEngine "Cryptic AIL V2"]
[BlackEngine "BrainFish 060118_CTG"]
[EventType "Swiss"]
[WhiteTeam ""]
[BlackTeam ""]
[PlyCount "121"]
[TimeControl "720+1"]

1. d4 Nf6 2. c4 e6 3. Nf3 d5 4. e3 c6 5. Bd3 dxc4 6. Bxc4 Nbd7 7. O-O Bd6 
8. b3 e5 9. Qc2 O-O 10. Nc3 exd4 11. Nxd4 Re8 12. Rd1 Ne5 13. Be2 Qe7 14. h3 Ng6 
15. Nf3 b6 16. Bb2 Bb7 17. Rd2 Rad8 18. Rad1 c5 19. Nb5 Bb8 20. Qf5 Rxd2 
21. Rxd2 Qe4 22. Qxe4 Nxe4 23. Rd1 Bc6 24. Kf1 Kf8 25. Nc3 Nxc3 26. Bxc3 Ne5 
27. Nd2 Rd8 28. f4 Ng6 29. a4 Bc7 30. Kf2 Ne7 31. Bb2 h6 32. g3 f6 33. g4 Be8 
34. Bc4 Ng6 35. Bb5 Bf7 36. Ke1 Ne7 37. Ke2 Bd5 38. Rg1 Ng6 39. Ba3 Ne7 
40. b4 cxb4 41. Bxb4 Bd6 42. Bxd6 Rxd6 43. Kf2 Bc6 44. Nf3 a5 45. Bxc6 Rxc6 
46. Rd1 Rc4 47. Rd4 Rxd4 48. Nxd4 Nd5 49. Nb5 Nb4 50. e4 Ke7 51. Ke3 Na6 
52. Nc3 Kd6 53. Kd4 Nc5 54. f5 Nd7 55. Nd5 Kc6 56. Nc3 Ne5 57. Nb5 Nf7 
58. Kc4 Ne5+ 59. Kd4 Nf7 60. Kc4 Ne5+ 61. Kd4 1/2-1/2

[Event "Monday 29 January Rapid Engine Tour 12+1 Rounds 9 Starts 1600 ST"]
[Site "Infinity Chess"]
[Date "2018.1.29"]
[Round "3"]
[White "Vimtiroba"]
[Black "Marsell"]
[Result "1/2-1/2"]
[ECO "C55"]
[WhiteElo "2472"]
[BlackElo "2459"]
[WhiteEngine "SF@Infinity_CTG"]
[BlackEngine "asmFishW_2018-01-11_popcnt"]
[EventType "Swiss"]
[WhiteTeam ""]
[BlackTeam ""]
[PlyCount "129"]
[TimeControl "720+1"]

1. e4 e5 2. Nf3 Nc6 3. Bc4 Nf6 4. d3 Bc5 5. c3 d6 6. O-O O-O 7. Re1 a5 8. h3 h6 
9. Nbd2 Be6 10. Bb5 Qb8 11. Nf1 Qa7 12. Be3 Bxe3 13. Nxe3 Ne7 14. Bc4 Bxc4 
15. Nxc4 Ng6 16. Ne3 a4 17. Nh2 Nf4 18. g3 Ne6 19. Qe2 g6 20. Rad1 Kg7 
21. Nd5 Nxd5 22. exd5 Ng5 23. h4 Nh7 24. d4 Rfe8 25. dxe5 Rxe5 26. Qd3 Nf6 
27. Rxe5 dxe5 28. c4 Qc5 29. Nf1 b5 30. cxb5 Ra5 31. Qe2 Rxb5 32. Qxe5 Qd6 
33. Qc3 Rc5 34. Qa3 Rxd5 35. Qxd6 cxd6 36. Rxd5 Nxd5 37. Nd2 Nb4 38. a3 Nd3 
39. b3 axb3 40. Nxb3 Nb2 41. Nd4 Kf6 42. Kf1 Ke5 43. Nc6+ Ke6 44. Kg2 f6 
45. Kf3 d5 46. Ke2 Kd6 47. Nb4 Nc4 48. a4 Kc5 49. Nd3+ Kd4 50. Nb4 g5 
51. hxg5 hxg5 52. Nc2+ Ke5 53. f3 Kd6 54. Ne3 Na5 55. Kd3 Nc6 56. Ng4 f5 
57. Nf2 Ne5+ 58. Ke3 d4+ 59. Kxd4 Nxf3+ 60. Ke3 Ne5 61. Ke2 Nc6 62. Nd3 Kd5 
63. Ke3 f4+ 64. gxf4 gxf4+ 65. Nxf4+ 1/2-1/2

[Event "Monday 29 January Rapid Engine Tour 12+1 Rounds 9 Starts 1600 ST"]
[Site "Infinity Chess"]
[Date "2018.1.29"]
[Round "3"]
[White "MarioDeMonti"]
[Black "Eman"]
[Result "1/2-1/2"]
[ECO "C55"]
[WhiteElo "2462"]
[BlackElo "2490"]
[WhiteEngine "stockfish_x64_bmi2_2018_01_13_CTG"]
[BlackEngine "Eman 1.68c 64-bit POPCNT"]
[EventType "Swiss"]
[WhiteTeam ""]
[BlackTeam ""]
[PlyCount "97"]
[TimeControl "720+1"]

1. e4 e5 2. Nf3 Nc6 3. Bc4 Nf6 4. d3 Bc5 5. c3 a5 6. Bg5 h6 7. Bh4 g5 8. Bg3 d6 
9. O-O O-O 10. a4 Kg7 11. Nbd2 Ba7 12. Nb3 Ne7 13. Re1 Nh5 14. d4 Nxg3 
15. hxg3 Ng6 16. Nh2 c6 17. Nf1 f5 18. exf5 Bxf5 19. Ne3 Qf6 20. Rf1 Bd7 
21. Be2 exd4 22. cxd4 Ne7 23. Bh5 Kh8 24. Qd3 Bb6 25. Rae1 Nf5 26. Bg4 Nxe3 
27. fxe3 Qg7 28. Bxd7 Qxd7 29. d5 Qh7 30. Qc3+ Qg7 31. Nd4 cxd5 32. Qb3 Bxd4 
33. exd4 Qxd4+ 34. Kh2 h5 35. Rd1 Qc4 36. Rf3 Qxb3 37. Rxb3 Rf5 38. Rxb7 Rc8 
39. Ra7 Rc2 40. Rxa5 Rxb2 41. Raxd5 Rxd5 42. Rxd5 Ra2 43. g4 hxg4 44. Kg3 Rxa4 
45. Rxg5 Ra3+ 46. Kxg4 Ra4+ 47. Kf3 Ra8 48. g3 Kh7 49. Rd5 1/2-1/2

[Event "Monday 29 January Rapid Engine Tour 12+1 Rounds 9 Starts 1600 ST"]
[Site "Infinity Chess"]
[Date "2018.1.29"]
[Round "3"]
[White "ivrdurant"]
[Black "MCDermont"]
[Result "1/2-1/2"]
[ECO "C11"]
[WhiteElo "2379"]
[BlackElo "2495"]
[WhiteEngine "Raubfisch X37b3._CTG"]
[BlackEngine "BrainFish 060118_CTG"]
[EventType "Swiss"]
[WhiteTeam ""]
[BlackTeam ""]
[PlyCount "103"]
[TimeControl "720+1"]

1. e4 e6 2. d4 d5 3. Nc3 Nf6 4. e5 Nfd7 5. f4 c5 6. Nf3 Nc6 7. Be3 cxd4 
8. Nxd4 Qb6 9. Qd2 Qxb2 10. Rb1 Qa3 11. Bb5 Nxd4 12. Bxd4 a6 13. Bxd7+ Bxd7 
14. Rb3 Qe7 15. Rxb7 Rc8 16. O-O Qd8 17. Qf2 Rxc3 18. Bxc3 Qc8 19. Rb3 Ba4 
20. Bd4 Bxb3 21. axb3 Be7 22. c3 O-O 23. b4 Qc6 24. Ra1 Bd8 25. Bc5 Re8 
26. Kh1 h6 27. h3 Bc7 28. Qa2 a5 29. Qa4 Qxa4 30. Rxa4 axb4 31. cxb4 f6 
32. exf6 Bxf4 33. fxg7 e5 34. g3 Bxg3 35. Kg2 Bf4 36. Ra7 Rd8 37. Kf3 Bg5 
38. Ke2 d4 39. Kd3 e4+ 40. Kxe4 d3 41. Ra1 d2 42. Rd1 Kxg7 43. b5 h5 44. b6 Kg6 
45. Bd4 Rd7 46. Rg1 Kf7 47. Rd1 h4 48. Be5 Ke6 49. Bc7 Bd8 50. Bf4 Bxb6 
51. Rxd2 Rxd2 52. Bxd2 1/2-1/2

[Event "Monday 29 January Rapid Engine Tour 12+1 Rounds 9 Starts 1600 ST"]
[Site "Infinity Chess"]
[Date "2018.1.29"]
[Round "3"]
[White "KULLANI"]
[Black "KhalidOmar"]
[Result "1/2-1/2"]
[ECO "C55"]
[WhiteElo "2414"]
[BlackElo "2470"]
[WhiteEngine "BrainFish_180124_x64_CTG"]
[BlackEngine "Eman 1.68c 64-bit BMI2"]
[EventType "Swiss"]
[WhiteTeam ""]
[BlackTeam ""]
[PlyCount "130"]
[TimeControl "720+1"]

1. e4 e5 2. Nf3 Nc6 3. Bc4 Nf6 4. d3 Bc5 5. c3 a5 6. Bg5 h6 7. Bh4 g5 8. Bg3 d6 
9. O-O O-O 10. Nbd2 Kg7 11. a3 Ba7 12. Re1 Nh7 13. d4 g4 14. Nh4 exd4 
15. Nf5+ Bxf5 16. exf5 h5 17. Rb1 Kh8 18. h4 Qd7 19. Bd3 Rae8 20. Rxe8 Rxe8 
21. Ne4 d5 22. Ng5 Nxg5 23. Qd2 Re3 24. fxe3 dxe3 25. Qe2 Nh7 26. Kh1 Qe7 
27. Qf1 Ne5 28. Bc2 Kg7 29. Qf4 Nc4 30. Bd3 Nf6 31. Bxc4 dxc4 32. Qg5+ Kf8 
33. Qh6+ Kg8 34. Qg5+ Kf8 35. Qh6+ Kg8 36. Re1 Bc5 37. Kh2 a4 38. Re2 c6 
39. Bb8 Nd7 40. g3 Qf6 41. Bf4 Qxf5 42. Bxe3 Bf8 43. Qg5+ Qxg5 44. hxg5 Be7 
45. Kg2 Kf8 46. Re1 Ne5 47. Bc5 Bxc5 48. Rxe5 Be7 49. g6 fxg6 50. Ra5 b5 
51. Ra6 Bg5 52. Rxc6 Bc1 53. Rxg6 Bxb2 54. Rg5 Bxa3 55. Rxb5 Ke7 56. Ra5 Bb2 
57. Rxa4 Bxc3 58. Rxc4 Bf6 59. Rc7+ Ke6 60. Rh7 Bd4 61. Rxh5 Bf6 62. Rh1 Bd4 
63. Rf1 Be5 64. Rd1 Kf5 65. Rc1 Bd6 1/2-1/2

[Event "Monday 29 January Rapid Engine Tour 12+1 Rounds 9 Starts 1600 ST"]
[Site "Infinity Chess"]
[Date "2018.1.29"]
[Round "3"]
[White "SkyPilot"]
[Black "CrapCleaner"]
[Result "1/2-1/2"]
[ECO "C55"]
[WhiteElo "2490"]
[BlackElo "2411"]
[WhiteEngine "stockfish_x64_bmi2_2018_01_13_CTG"]
[BlackEngine "Raubfisch ME262_GTZ16b4_CTG"]
[EventType "Swiss"]
[WhiteTeam ""]
[BlackTeam ""]
[PlyCount "262"]
[TimeControl "720+1"]

1. e4 e5 2. Nf3 Nc6 3. Bc4 Nf6 4. d3 Bc5 5. c3 d6 6. O-O O-O 7. h3 a6 8. Re1 Ba7 
9. a4 h6 10. Nbd2 Nh5 11. Nf1 Be6 12. Bd5 a5 13. d4 Qf6 14. N1h2 exd4 
15. Bxc6 bxc6 16. cxd4 Nf4 17. Ra3 Ng6 18. Rc3 Bd7 19. Nf1 Rae8 20. Ng3 Bb6 
21. Bd2 Qe6 22. Ra3 f6 23. Qc2 Qf7 24. b4 axb4 25. Bxb4 Ne7 26. a5 Ba7 
27. Raa1 Rb8 28. Rab1 Bc8 29. Bd2 Rxb1 30. Rxb1 f5 31. e5 f4 32. Ne4 Qd5 
33. Re1 Nf5 34. Bc3 Be6 35. Qd2 Qc4 36. Bb4 Qd5 37. Bc3 Qc4 38. Bb4 Qd5 
39. exd6 cxd6 40. a6 Rb8 41. Kh2 Rf8 42. Qc1 Nxd4 43. Nxd4 Bxd4 44. Bxd6 Ra8 
45. Qxf4 Rxa6 46. Nc5 Bxc5 47. Qf8+ Kh7 48. Bxc5 Ra4 49. Re3 Bf7 50. Bb6 Qd7 
51. Bc5 Qd5 52. Bd6 Ra7 53. Be5 Bg6 54. f4 Rf7 55. Qa8 Rd7 56. Ra3 Be4 
57. Rg3 Bg6 58. Qf8 Rf7 59. Qa3 Be4 60. Qb2 Qd7 61. Qc3 Bf5 62. Qe1 Bg6 
63. Qb4 Bd3 64. Bd6 Bg6 65. Be5 Bd3 66. Bd6 Bg6 67. Rc3 Qe6 68. Be5 Rd7 
69. Qa4 Rd2 70. Qa7 Qf7 71. Qc5 Qb7 72. Re3 Rd7 73. Rc3 Rd2 74. Qf8 Be4 
75. Rg3 Rd7 76. Qa3 Bg6 77. Qa2 Qb1 78. Qe6 Rd1 79. Re3 Bf5 80. Qe7 Rd7 
81. Qe8 Qa2 82. Qf8 Rf7 83. Rg3 Bg6 84. Qd6 Qc2 85. Qe6 Qe4 86. Rf3 Rf6 
87. Qa2 Rf7 88. Qe6 Rf6 89. Qa2 Rf7 90. Rc3 Re7 91. Qa8 Rd7 92. Qc8 Ra7 
93. Qe6 Bf7 94. Qg4 Bg6 95. Qc8 Ra2 96. Qg4 Ra7 97. Qe6 Bf7 98. Qd6 Bg6 
99. Rf3 Rb7 100. Ra3 Qe2 101. Qc5 Rd7 102. Rg3 Qe4 103. h4 Rf7 104. Qe3 Qf5 
105. Rh3 Qd7 106. Rg3 Qe7 107. h5 Bf5 108. Kg1 c5 109. Qc3 Qf8 110. Qb3 Rd7 
111. Qc3 c4 112. Qxc4 Qd8 113. Qf1 Qh4 114. Qf3 Qd8 115. Qf1 Kh8 116. Qe2 Rd1+ 
117. Kf2 Rd2 118. Rxg7 Rxe2+ 119. Kxe2 Qd3+ 120. Kf2 Qd2+ 121. Kg3 Qe3+ 
122. Kh2 Qxe5 123. fxe5 Kxg7 124. Kg3 Bb1 125. Kf4 Ba2 126. g3 Bb1 127. g4 Ba2 
128. g5 hxg5+ 129. Kxg5 Be6 130. h6+ Kf7 131. h7 Kg7 1/2-1/2

[Event "Monday 29 January Rapid Engine Tour 12+1 Rounds 9 Starts 1600 ST"]
[Site "Infinity Chess"]
[Date "2018.1.29"]
[Round "2"]
[White "KhalidOmar"]
[Black "SkyPilot"]
[Result "1/2-1/2"]
[ECO "D35"]
[WhiteElo "2469"]
[BlackElo "2491"]
[WhiteEngine "Eman 1.68c 64-bit BMI2"]
[BlackEngine "stockfish_x64_bmi2_2018_01_13_CTG"]
[EventType "Swiss"]
[WhiteTeam ""]
[BlackTeam ""]
[PlyCount "84"]
[TimeControl "720+1"]

1. d4 d5 2. c4 e6 3. Nc3 Nf6 4. cxd5 exd5 5. Bg5 c6 6. e3 Be7 7. Qc2 h6 
8. Bh4 O-O 9. Bd3 Re8 10. Nge2 Nbd7 11. O-O b5 12. Nb1 Bb7 13. Nd2 a5 14. Bf5 a4 
15. Rac1 Nf8 16. Nf3 g6 17. Bd3 a3 18. b3 Rc8 19. Ne5 b4 20. Qd1 Qb6 21. Nf4 c5 
22. Qf3 cxd4 23. Rxc8 Rxc8 24. Qg3 Ne4 25. Bxe4 Bxh4 26. Qxh4 dxe4 27. Qxh6 Qd8 
28. exd4 Qxd4 29. Ng4 Rc5 30. h4 Qg7 31. Qxg7+ Kxg7 32. Ne3 Ne6 33. Nxe6+ fxe6 
34. Rd1 Kf6 35. Ng4+ Kf5 36. Ne3+ Kf4 37. g3+ Kf3 38. Re1 Rc7 39. Nc4 Kg4 
40. Ne3+ Kf3 41. Nf1 Kg4 42. Ne3+ Kf3 1/2-1/2

[Event "Monday 29 January Rapid Engine Tour 12+1 Rounds 9 Starts 1600 ST"]
[Site "Infinity Chess"]
[Date "2018.1.29"]
[Round "2"]
[White "Satria_Ungu"]
[Black "angriff"]
[Result "1/2-1/2"]
[ECO "A40"]
[WhiteElo "2349"]
[BlackElo "2405"]
[WhiteEngine "Houdini 6_CTG"]
[BlackEngine "Stockfish SL FA POPCNT_CTG"]
[EventType "Swiss"]
[WhiteTeam ""]
[BlackTeam ""]
[PlyCount "204"]
[TimeControl "720+1"]

1. d4 c6 2. e4 d5 3. Nc3 dxe4 4. Nxe4 Bf5 5. Ng3 Bg6 6. Nf3 e6 7. Bd3 c5 
8. O-O Nf6 9. Bb5+ Nc6 10. c3 Rc8 11. h4 Bd6 12. Bg5 Qb6 13. dxc5 Qxc5 
14. Bxc6+ bxc6 15. Be3 Qd5 16. Bxa7 c5 17. Qxd5 Nxd5 18. h5 Bc2 19. Rac1 Bd3 
20. Rfd1 c4 21. Ne1 Bxg3 22. Nxd3 Bb8 23. Bxb8 Rxb8 24. Ne5 Rxb2 25. a4 Ke7 
26. Nxc4 Rb7 27. Ne5 Rc8 28. c4 Nf4 29. Rb1 Rbc7 30. Kh2 Ra8 31. Rb4 Ra5 
32. Rd7+ Rxd7 33. Nc6+ Kd6 34. Nxa5 Nd3 35. Rb6+ Kc7 36. Rc6+ Kb8 37. Kg3 Ra7 
38. Rd6 Ne5 39. Rb6+ Kc7 40. Rb5 Nd3 41. Kf3 Ne1+ 42. Ke4 Nxg2 43. Rg5 Ne1 
44. Nb3 Rxa4 45. Rxg7 Rxc4+ 46. Ke3 Kd6 47. Rxf7 h6 48. Rf6 Ng2+ 49. Kd3 Rf4 
50. Rxh6 Rf3+ 51. Kc4 Rxf2 52. Nd4 Nf4 53. Rh8 Rh2 54. h6 Ng6 55. Nf3 Rh3 
56. Rd8+ Ke7 57. Ng5 Rxh6 58. Nxe6 Kxe6 59. Rd1 Ne5+ 60. Kc5 Nd7+ 61. Kc6 Ke7+ 
62. Kb5 Ke6 63. Kc6 Ke7+ 64. Kb5 Rb6+ 65. Kc4 Ne5+ 66. Kc3 Ke6 67. Re1 Ra6 
68. Re2 Ra3+ 69. Kb4 Rd3 70. Kc5 Rd5+ 71. Kb4 Rd1 72. Kb3 Rb1+ 73. Kc2 Rh1 
74. Kc3 Rh4 75. Kb3 Kf5 76. Rf2+ Ke4 77. Re2+ Kd4 78. Rd2+ Ke3 79. Rg2 Rh8 
80. Kb4 Kd4 81. Rd2+ Ke4 82. Kc5 Rc8+ 83. Kb5 Rc1 84. Rh2 Nd7 85. Kb4 Nc5 
86. Rh4+ Kd3 87. Rh8 Ke3 88. Re8+ Kf4 89. Rf8+ Ke5 90. Rh8 Nd3+ 91. Kb3 Nc5+ 
92. Kb4 Nd3+ 93. Kb3 Rc7 94. Rh5+ Ke4 95. Rh4+ Kd5 96. Rh5+ Ke4 97. Rh4+ Nf4 
98. Rh8 Rb7+ 99. Kc4 Rc7+ 100. Kb3 Ng6 101. Rg8 Ne5 102. Rh8 Rc1 1/2-1/2

[Event "Monday 29 January Rapid Engine Tour 12+1 Rounds 9 Starts 1600 ST"]
[Site "Infinity Chess"]
[Date "2018.1.29"]
[Round "2"]
[White "IronMan"]
[Black "ivrdurant"]
[Result "0-1"]
[ECO "A20"]
[WhiteElo "2425"]
[BlackElo "2360"]
[WhiteEngine "stockfish 4 32bit"]
[BlackEngine "Raubfisch X37b3._CTG"]
[EventType "Swiss"]
[WhiteTeam ""]
[BlackTeam ""]
[PlyCount "106"]
[TimeControl "720+1"]

1. c4 e5 2. e3 Nf6 3. Nc3 Bb4 4. Nge2 O-O 5. Qb3 Nc6 6. g3 d6 7. Bg2 Bc5 
8. O-O Bb6 9. Qd1 Re8 10. h3 h6 11. d3 Bf5 12. a3 a5 13. b3 Ne7 14. d4 c6 
15. Bb2 Bh7 16. Na4 Bc7 17. Rc1 Rb8 18. Re1 Qc8 19. Nac3 e4 20. Nf4 d5 
21. Nh5 Nxh5 22. Qxh5 Bg6 23. Qd1 Qe6 24. Bf1 Rbd8 25. Na4 h5 26. h4 Nf5 
27. cxd5 Qd6 28. Bg2 Nxg3 29. fxg3 Qxg3 30. Re2 Rxd5 31. Rf2 Qxh4 32. Rcc2 Bg3 
33. Kf1 Rg5 34. Qe1 Bf5 35. Bc3 Bh3 36. Rf4 Bxg2+ 37. Rxg2 Qh3 38. Ke2 Qxg2+ 
39. Rf2 Bxf2 40. Qxf2 Qh1 41. Be1 Rg2 42. Nc3 Rxf2+ 43. Bxf2 Re6 44. Nd1 Rg6 
45. d5 Rg5 46. Nc3 Rf5 47. Be1 Qf1+ 48. Kd2 Qd3+ 49. Kc1 Rf1 50. Kb2 Rxe1 
51. a4 Qd2+ 52. Ka3 Qxc3 53. Ka2 Ra1# 0-1

[Event "Monday 29 January Rapid Engine Tour 12+1 Rounds 9 Starts 1600 ST"]
[Site "Infinity Chess"]
[Date "2018.1.29"]
[Round "2"]
[White "Dovahkiin"]
[Black "star99"]
[Result "1/2-1/2"]
[ECO "B23"]
[WhiteElo "2389"]
[BlackElo "2373"]
[WhiteEngine "BrainFish_180128_x64_modern_CTG"]
[BlackEngine "Cryptic AIL V2"]
[EventType "Swiss"]
[WhiteTeam ""]
[BlackTeam ""]
[PlyCount "111"]
[TimeControl "720+1"]

1. e4 c5 2. Nc3 d6 3. Nge2 Nc6 4. d4 cxd4 5. Nxd4 Nf6 6. Bg5 e6 7. Qd2 Be7 
8. O-O-O Nxd4 9. Qxd4 O-O 10. f4 h6 11. Bh4 Qa5 12. Bc4 e5 13. fxe5 dxe5 
14. Qd3 Bg4 15. Rdf1 Rac8 16. Bxf6 Bxf6 17. Kb1 Bh4 18. h3 Be6 19. Bb3 Qc5 
20. g3 Be7 21. Qe2 Rfd8 22. h4 Bc4 23. Bxc4 Qxc4 24. Rf2 Qxe2 25. Rxe2 Rd4 
26. Nd5 Bd6 27. g4 b5 28. Kc1 Rcc4 29. Rd1 Kf8 30. Rxd4 Rxd4 31. h5 Be7 
32. c3 Rd3 33. Rg2 Rf3 34. Kc2 a5 35. a3 g6 36. b4 axb4 37. axb4 Bd8 
38. Rg1 gxh5 39. gxh5 f5 40. exf5 Rxf5 41. c4 e4 42. Kc3 Rxh5 43. Kd4 bxc4 
44. b5 c3 45. Kxe4 Rh2 46. Nxc3 Rb2 47. Ra1 h5 48. Ra8 Ke7 49. Nd5+ Kd7 
50. Ra7+ Kc8 51. b6 h4 52. Rh7 Rb5 53. Ke5 Bxb6 54. Rxh4 Kb7 55. Rb4 Rxb4 
56. Nxb4 1/2-1/2

[Event "Monday 29 January Rapid Engine Tour 12+1 Rounds 9 Starts 1600 ST"]
[Site "Infinity Chess"]
[Date "2018.1.29"]
[Round "2"]
[White "Thinker"]
[Black "KULLANI"]
[Result "0-1"]
[ECO "C50"]
[WhiteElo "2404"]
[BlackElo "2398"]
[WhiteEngine "BrainFish_180124_x64_modern_CTG"]
[BlackEngine "BrainFish_180124_x64_CTG"]
[EventType "Swiss"]
[WhiteTeam ""]
[BlackTeam ""]
[PlyCount "319"]
[TimeControl "720+1"]

1. e4 e5 2. Nf3 Nc6 3. Bc4 Bc5 4. O-O Nf6 5. d3 d6 6. c3 a5 7. h3 O-O 
8. Nbd2 Be6 9. Bb5 h6 10. Re1 Qb8 11. Nf1 Qa7 12. Be3 Bxe3 13. Nxe3 Ne7 
14. a4 Ng6 15. Bc4 Bxc4 16. Nxc4 Qa6 17. b3 Rfe8 18. Qc2 Nf4 19. Kh2 b6 
20. d4 exd4 21. Nxd4 Qb7 22. Nd2 Nd7 23. Re3 Ne5 24. g3 Ne6 25. Rae1 Nc6 
26. Nb5 Na7 27. Nxa7 Qxa7 28. f4 Nc5 29. Nf3 Qb7 30. Nd4 Qc8 31. Qe2 Qd7 
32. h4 f6 33. c4 Re7 34. Nf5 Re6 35. h5 Kh8 36. Qg4 Rf8 37. Nh4 Kg8 38. Kg2 Rfe8 
39. Nf5 Kh7 40. Kh2 Qf7 41. Qf3 Kg8 42. Kg2 Rd8 43. Qg4 Kh8 44. Kg1 Rde8 
45. Qf3 Qd7 46. Nd4 R6e7 47. Kh2 Rd8 48. R3e2 Ree8 49. Kg2 Ne6 50. Nf5 Kg8 
51. Kf2 Nc5 52. Kg2 Kh8 53. Re3 Rc8 54. Nd4 Re7 55. Nf5 Ree8 56. Nd4 Kg8 
57. Kf1 Rcd8 58. Kg1 Kf7 59. Qe2 Kg8 60. Nf5 Kh7 61. Qf3 Kg8 62. Kf2 Qf7 
63. Qg4 Kh8 64. Nd4 Qd7 65. Qg6 Ra8 66. Kg2 Rac8 67. Nf5 Ra8 68. R1e2 Rad8 
69. Nd4 Ra8 70. Rf3 Re7 71. Nf5 Re6 72. Nd4 Ree8 73. Rfe3 Re7 74. Nf5 Re6 
75. Kh2 Rae8 76. Nd4 R6e7 77. Kg2 Na6 78. Nf5 Rf7 79. Qg4 Rfe7 80. Qg6 Re6 
81. Kf3 Nb4 82. Qg4 Nc6 83. Kg2 Nb4 84. Qf3 Na6 85. g4 Nc5 86. Nd4 R6e7 
87. Nf5 Re6 88. Re1 Kg8 89. Nd4 R6e7 90. Kg3 Kh7 91. Qg2 Kg8 92. Qc2 Kh8 
93. Nf5 Re6 94. Qg2 Kg8 95. Nd4 R6e7 96. Nf5 Re6 97. Qc2 Kf7 98. R3e2 Kg8 
99. Re3 Kh8 100. Nh4 Qc6 101. Ng6+ Kg8 102. Kf3 Rd8 103. Kf2 Qa8 104. Kg2 Ree8 
105. Kh2 Ne6 106. Qd1 Kh7 107. Qd5 Qc8 108. Kg3 Nc5 109. Qd1 Kg8 110. Qe2 Qe6 
111. Qc2 Qd7 112. Qd1 Kh7 113. Qd5 Qe6 114. Kh3 Ra8 115. Nh4 Rac8 116. Ng6 Rcd8 
117. Qd1 Qc8 118. Kg2 Qd7 119. Kg3 Qc6 120. Qb1 Kg8 121. Qb2 Qd7 122. Qd2 Kh7 
123. Qd5 Qe6 124. Qd1 Qc8 125. Nh4 Qd7 126. Qc2 Kg8 127. Qe2 Kh7 128. Qd1 Qf7 
129. Qc2 Kg8 130. Rd1 Qd7 131. Ng6 Qe6 132. f5 Qf7 133. Qe2 Kh7 134. Ra1 c6 
135. Rd1 Qb7 136. Kg2 Qa8 137. Kf3 Qb8 138. Rd4 Rd7 139. Qd1 b5 140. cxb5 cxb5 
141. axb5 Qxb5 142. Kg3 Qb8 143. e5 fxe5 144. Rd5 Qb6 145. Kg2 Rc8 146. Qf3 Rf7 
147. Rc3 Re8 148. Rd1 Rc7 149. Rdc1 Rb7 150. R1c2 Qd8 151. Qd5 Qg5 152. f6 Qxg4+ 
153. Kf1 Qxh5 154. Rg2 Rc7 155. Ne7 Rexe7 156. fxe7 Rxe7 157. Kg1 Qh4 
158. Qxd6 Ne6 159. Qd3+ e4 160. Qg3 0-1

[Event "Monday 29 January Rapid Engine Tour 12+1 Rounds 9 Starts 1600 ST"]
[Site "Infinity Chess"]
[Date "2018.1.29"]
[Round "2"]
[White "BraveDevil"]
[Black "Dinkelberger"]
[Result "1/2-1/2"]
[ECO "A46"]
[WhiteElo "2449"]
[BlackElo "2428"]
[WhiteEngine "Cryptic AIL V2"]
[BlackEngine "stockfish_18012814_x64_modern_CTG"]
[EventType "Swiss"]
[WhiteTeam ""]
[BlackTeam ""]
[PlyCount "155"]
[TimeControl "720+1"]

1. d4 Nf6 2. Nf3 d5 3. c4 e6 4. e3 b6 5. b3 Bd6 6. Bd3 Bb7 7. Nbd2 O-O 
8. O-O Qe7 9. Qc2 Na6 10. a3 c5 11. Re1 Rac8 12. Bb2 cxd4 13. exd4 Nb8 
14. Qd1 Rfd8 15. Qe2 Nbd7 16. Ne5 a5 17. f4 g6 18. Rf1 Rc7 19. Ndf3 Ne4 
20. Qe3 f5 21. a4 Nxe5 22. Nxe5 Rdc8 23. Rfd1 Qd8 24. Rf1 Qf8 25. Bxe4 dxe4 
26. Rf2 Rg7 27. g4 h5 28. g5 Kh7 29. Raf1 Rb8 30. Kg2 Rd8 31. Kg1 Rg8 
32. Rg2 Qe8 33. Re2 Qe7 34. Rc2 Rg7 35. Kg2 Qf8 36. Kh1 Qe7 37. Kg2 Rgg8 
38. Kh1 Rgf8 39. Rcf2 Bc7 40. Kg1 Rg8 41. Rd1 Bd6 42. Rdf1 Rge8 43. Re1 Qc7 
44. Kg2 Qe7 45. Kg1 Rg8 46. Rc1 Rg7 47. Bc3 Rf8 48. Bb2 Rd8 49. Kh1 Rb8 
50. Kg2 Rd8 51. Kg1 Qc7 52. Rcf1 Qe7 53. Rg2 Rgg8 54. Kh1 Rgf8 55. Rgf2 Rg8 
56. Kg1 Bc7 57. Rc2 Rg7 58. Kh1 Rgg8 59. Kg2 Bd6 60. Kh1 Bc7 61. Kg2 Rg7 
62. Kh1 Kg8 63. Kg1 Bd6 64. Rcf2 Rc8 65. Rd2 Kh7 66. Rg2 Rc7 67. Rd2 Qd8 
68. Rdf2 Bb4 69. Rc1 Bd6 70. Kh1 Rc8 71. Kg2 Qe8 72. Rd2 Qf8 73. Rdc2 Rd8 
74. Rf2 Rc7 75. Rcf1 Qg8 76. Ra1 Qf8 77. Raf1 Qg7 78. Kg3 1/2-1/2